 Dungeon Crawl Stone Soup version 0.30-a0-743-gbfdf073431 (webtiles) character file.

Game seed: 14146048494199329125

1549 kingofthe the Magician (level 8, 0/46 HPs)
             Began as an Octopode Conjurer on Feb 5, 2023.
             Was a Follower of Sif Muna.
             Succumbed to a water moccasin's poison
             ... on level 6 of the Dungeon.
             The game lasted 00:18:52 (6391 turns).

kingofthe the Magician (Octopode Conjurer)          Turns: 6391, Time: 00:18:53

Health: 0/46       AC:  1    Str:  6    XL:     8   Next: 87%
Magic:  7/17       EV: 14    Int: 21    God:    Sif Muna [*.....]
Gold:   155        SH:  0    Dex: 12    Spells: 12/19 levels left

rFire   . . .      SeeInvis .    p - +2 trident (venom)
rCold   . . .      Faith    .    (no shield)
rNeg    . . .      Spirit   .    (helmet restricted)
rPois   +          Reflect  .    (no amulet)
rElec   .          Harm     .    o - ring of poison resistance
rCorr   .          Rampage  .    A - ring of willpower
Will    +....                    (no ring)
Stlth   ++++                     (no ring)
HPRegen 0.27/turn                (no ring)
MPRegen 0.15/turn                (no ring)
                                 (no ring)
                                 (no ring)

@: lethally poisoned (0 -> -2)
A: almost no armour, amphibious, 8 rings, camouflage 1, gelatinous body 1,
(nimble swimmer 1), tentacles
a: Renounce Religion, Channel Magic


You were on level 6 of the Dungeon.
You worshipped Sif Muna.
Sif Muna was aware of your devotion.
You visited 2 branches of the dungeon, and saw 7 of its levels.

You collected 155 gold pieces.

Inventory:

Hand Weapons
 j - a +1 mace of draining
 m - a +2 vampiric scythe
 p - a +2 trident of venom (weapon)
 s - a +3 dagger
 t - a +0 short sword of venom
 C - a +3 short sword
Magical Staves
 r - a staff of death
Jewellery
 o - a ring of poison resistance (left tentacle)
 A - a ring of willpower (right tentacle)
Wands
 l - a wand of polymorph (6)
 q - a wand of digging (7)
 z - a wand of roots (11)
Scrolls
 b - 2 scrolls of identify
 c - 3 scrolls of immolation
 d - 2 scrolls of noise {unknown}
 e - a scroll of fear
 f - 2 scrolls of enchant weapon
 h - a scroll of poison
 k - a scroll of vulnerability
 u - 2 scrolls of teleportation
 v - a scroll of magic mapping {unknown}
 y - a scroll of enchant armour {unknown}
Potions
 a - a potion of magic
 g - a potion of degeneration {unknown}
 i - a potion of curing
 n - 2 potions of attraction
 w - a potion of might {unknown}
 x - a potion of cancellation {unknown}
 B - a potion of lignification {unknown}
 D - a potion of mutation {unknown}


   Skills:
 + Level 5.0 Dodging
 - Level 6.0 Stealth
 * Level 6.3 Spellcasting
 + Level 6.0 Conjurations
 * Level 3.7 Hexes


You had 12 spell levels left.
You knew the following spells:

 Your Spells              Type           Power      Damage    Failure   Level
a - Magic Dart            Conj           100%       1d8       1%          1
b - Searing Ray           Conj           64%        2d6       1%          2
c - Fulminant Prism       Conj/Hex       13%        3d8       12%         4

Your spell library contained the following spells:

 Spells                   Type           Power      Damage    Failure   Level
 Dazzling Flash           Conj/Hex       54%        N/A       3%          3
 Iskenderun's Mystic Bla  Conj/Tloc      19%        2d6       26%         4


Dungeon Overview and Level Annotations

Branches:
Dungeon (6/15)             Temple (1/1) D:4

Altars:
Ashenzari
Dithmenos
Elyvilon
Fedhas
Gozag
Hepliaklqana
Kikubaaqudgha
Makhleb
Nemelex Xobeh
Okawaru
Qazlal
Sif Muna
Trog
Uskayaw
Vehumet
Wu Jian
Xom
Yredelemnul
Zin
The Shining One


Innate Abilities, Weirdness & Mutations

You cannot wear most types of armour.
You are amphibious.
You can wear up to eight rings at the same time.
Your skin changes colour to match your surroundings (Stealth+).
Your rubbery body absorbs attacks. (AC +1, EV +1)
((You are camouflaged when in or above water. (Stealth+)))
You have tentacles for arms and can constrict up to eight enemies at once.


Message History

You hear an angry hiss.
A water moccasin comes into view.
The white imp hits you. The white imp freezes you.
The searing ray misses the white imp.
The white imp completely misses you. The white imp attacks as you move away!
The white imp hits you. The white imp freezes you.
The water moccasin attacks as you move away!
The water moccasin bites you. The water moccasin bites you.
You are poisoned.
The water moccasin poisons you!
You feel very sick.
The water moccasin attacks as you move away!
The water moccasin barely misses you.
You feel sick.
The white imp grinds its teeth.
The water moccasin bites you!
You feel better. The water moccasin bites you!
* * * LOW HITPOINT WARNING * * *
The water moccasin attacks as you move away!
The water moccasin bites you.
* * * LOW HITPOINT WARNING * * *
You are lethally poisoned!
The water moccasin poisons you!
* * * LOW HITPOINT WARNING * * *
You feel very sick.
The water moccasin attacks as you move away!
The water moccasin misses you.
* * * LOW HITPOINT WARNING * * *
You feel sick. The water moccasin barely misses you.
As you read the scroll of fear, it crumbles to dust.
You assume a fearsome visage.
The white imp looks frightened!
The water moccasin looks frightened!
* * * LOW HITPOINT WARNING * * *
You feel sick.
* * * LOW HITPOINT WARNING * * *
You feel sick.
The steam dragon hisses angrily.
* * * LOW HITPOINT WARNING * * *
You feel sick.
You die...

#.#.###.#.#.# #..##
##....#
###.#.###.#.####.##
#......#.##........
#.#.>##..##......#.
#.#..###...#.##....
#.##.###.#.#.# ##.
...######.##.....#.#.#
.............@......S..
.#.#####<.###.#.##.##.#
#......<.###D#.##.# .#
#..####.†.†.......# ..
####.##.#..####
#.......#..# ####
#.##.......#
.....##.##.#..#.#####
..........<..........


You could see a steam dragon and a water moccasin (fleeing).

Vanquished Creatures
  Sigmund (D:2)
  A steam dragon (D:4)
  A black bear (D:5)
  A centaur (D:5)
  A phantom (D:5)
  A bullfrog (D:6)
  A necrophage (D:4)
  A scorpion (D:6)
  4 wights
  5 hounds (D:5)
  2 orc priests (D:4)
  2 jellies (D:5)
  An iguana (D:6)
  5 orc wizards
  7 adders
  3 gnolls (D:3)
  2 white imps
  2 worms
  3 dart slugs
  21 orcs
  5 ball pythons
  3 endoplasms
  A giant cockroach (D:4)
  4 goblins
  5 hobgoblins
  7 jackals
  4 quokkas
  3 bats
  5 frilled lizards
  5 kobolds
  4 rats
111 creatures vanquished.

Notes
Turn   | Place    | Note
-------+----------+-------------------------------------------
     0 | D:1      | kingofthe the Octopode Conjurer began the quest for the
                  | Orb.
     0 | D:1      | Reached XP level 1. HP: 11/11 MP: 3/3
   361 | D:1      | Reached XP level 2. HP: 17/17 MP: 3/5
   431 | D:1      | Learned a level 2 spell: Searing Ray
   896 | D:2      | Reached XP level 3. HP: 21/21 MP: 2/6
  1120 | D:2      | Noticed Sigmund
  1127 | D:2      | Killed Sigmund
  1128 | D:2      | Reached XP level 4. HP: 14/27 MP: 1/9
  1128 | D:2      | Reached XP level 5. HP: 17/31 MP: 1/10
  2060 | D:3      | Reached XP level 6. HP: 36/36 MP: 5/11
  3061 | D:4      | Reached skill level 5 in Stealth
  3143 | D:4      | Found a staircase to the Ecumenical Temple.
  3155 | Temple   | Entered the Ecumenical Temple
  3323 | Temple   | Became a worshipper of Sif Muna the Loreminder
  3349 | D:4      | Reached skill level 5 in Conjurations
  3358 | D:4      | Learned a level 4 spell: Fulminant Prism
  3473 | D:4      | Reached XP level 7. HP: 41/41 MP: 6/13
  3637 | D:4      | Noticed a steam dragon
  4233 | D:4      | Killed a steam dragon
  4234 | D:4      | Reached skill level 1 in Hexes
  4533 | D:5      | Entered Level 5 of the Dungeon
  4763 | D:5      | Reached skill level 5 in Spellcasting
  5104 | D:4      | Reached XP level 8. HP: 38/46 MP: 5/15
  5689 | D:5      | Reached * piety under Sif Muna
  6376 | D:6      | Reached skill level 5 in Dodging
  6389 | D:6      | HP: 2/46 [poisoned by a water moccasin]
  6391 | D:6      | Succumbed to a water moccasin's poison

Illustrated notes

Levels and vault maps discovered:
D:1:      scummos_arrival_simple_fountains, layout_rooms
D:2:      layout_basic, chequers_garden, dreamdust_mushroom_princess,
          uniq_sigmund
D:3:      wander_river, layout_loops_ring
D:4:      layout_basic, minmay_temple_entry_proselytizer
D:5:      layout_basic, hangedman_decor_points
D:6:      minmay_razor_zed, layout_loops_cross, hex_large, solitary_fountain,
          minivault_1, uniq_pikel, uniq_blork_the_orc
Temple:   nicolae_temple_bog_church

Skill      XL: |  1  2  3  4  5  6  7  8 |
---------------+-------------------------+-----
Stealth        | 3 4 5 6 |  6.0
Dodging        | 3 4 5 |  5.0
Spellcasting   | 3 4 5 6 |  6.3
Conjurations   | 5 6 |  6.0
Hexes          | 1 3 |  3.7

Action                     |  1- 3 |  4- 6 |  7- 9 || total
---------------------------+-------+-------+-------++-------
  Melee: Unarmed           |     7 |       |       ||     7
         Constrict         |     3 |       |       ||     3
         Tentacles         |     1 |       |       ||     1
         Mace              |     3 |       |       ||     3
   Cast: Magic Dart        |    36 |    81 |    70 ||   187
         Searing Ray       |     1 |    16 |    38 ||    55
    Use: Scroll            |       |       |     9 ||     9
         Potion            |       |       |     1 ||     1
 Armour: Skin              |     1 |     1 |     1 ||     3
  Dodge: Dodged            |     7 |     8 |    41 ||    56

Table legend: (Time is in decaauts)
 A = Elapsed time spent in this place.
 B = Non-inter-level travel time spent in this place.
 C = Inter-level travel time spent in this place.
 D = Time resting spent in this place.
 E = Time spent auto-exploring this place.
 F = Levels seen in this place.
 G = Mean time per level.
                   A        B        C        D        E       F      G
               +--------+--------+--------+--------+--------+-----+--------+
         Total |   6395 |   5963 |    432 |    634 |   4428 |   7 |  913.6 |
       Dungeon |   6215 |   5816 |    399 |    634 |   4296 |   6 | 1035.8 |
        Temple |    180 |    147 |     33 |      0 |    132 |   1 |  180.0 |
               +--------+--------+--------+--------+--------+-----+--------+

Top non-repeatable levels by time:
     D:4: 1790 daAuts
     D:5: 1392 daAuts
     D:3: 1290 daAuts
     D:2: 992 daAuts
     D:1: 593 daAuts
  Temple: 180 daAuts
     D:6: 156 daAuts
